 Dungeon Crawl Stone Soup version 0.23.0 (webtiles) character file.

Game seed: 5423470083083618002

19288 Lavandula the Grappler (level 12, 111/111 HPs)
             Began as a Troll Monk on Feb 10, 2019.
             Was a High Priest of Ru.
             Quit the game on level 2 of the Orcish Mines.
             The game lasted 00:33:04 (7936 turns).

Lavandula the Grappler (Troll Monk)                 Turns: 7936, Time: 00:33:05

Health: 111/111    AC:  8    Str: 22    XL:     12   Next: 35%
Magic:  23/23      EV:  8    Int: 10    God:    Ru [*****.]
Gold:   757        SH: 10    Dex: 10    Spells: 7/11 levels left

rFire    + . .     SeeInvis .     - Unarmed
rCold    . . .     Gourm    +   d - +0 shield (curse)
rNeg     . . .     Faith    +   H - +0 robe {MR+}
rPois    .         Spirit   +   p - +2 hat
rElec    .         Reflect  .   I - scarf {Spirit}
rCorr    .         Harm     .   (gloves unavailable)
MR       +....                  (boots unavailable)
Stlth    +.........             G - amulet of faith (curse)
HPRegen  0.68/turn              i - ring of protection from fire (curse)
MPRegen  0.18/turn              E - ring of magical power

@: no status effects
A: large, unfitting armour, claws 3, horns 1, blink, clumsy 1, fast metabolism
3, gourmand, regeneration 1, shaggy fur 1, tough skin 3, inability to read while
threatened, inability to train dodging, unskilled 1, sturdy frame 1
a: Blink, Draw Out Power, Power Leap, Apocalypse, Renounce Religion


You were on level 2 of the Orcish Mines.
You worshipped Ru.
Ru was extremely pleased with you.
You were very full.

You visited 3 branches of the dungeon, and saw 13 of its levels.
You also visited: Sewer.

You collected 1251 gold pieces.
You spent 494 gold pieces at shops.

Inventory:

Missiles
 s - 17 tomahawks (quivered)
 L - 2 javelins of penetration
Armour
 a - a +1 robe
 d - a cursed +0 shield (worn)
 f - a +0 buckler
 p - a +2 hat (worn)
 u - a +2 cloak
 H - a +0 robe of magic resistance (worn)
 I - a scarf of spirit shield (worn)
Jewellery
 i - a cursed ring of protection from fire (left claw)
 l - an uncursed amulet of regeneration
 B - an uncursed amulet of rage
 E - a ring of magical power (right claw)
 G - a cursed amulet of faith (around neck)
Wands
 e - a wand of paralysis (5)
 t - a wand of digging (3)
 A - a wand of random effects (25)
 D - a wand of flame (9)
Scrolls
 h - 2 scrolls of enchant weapon
 j - a scroll of immolation
 m - a scroll of blinking
 o - 2 scrolls of noise {unknown}
 r - 3 scrolls of enchant armour
 v - 2 scrolls of teleportation
 y - a scroll of remove curse
 F - a scroll of holy word {unknown}
 J - a scroll of fog
Potions
 c - a potion of brilliance
 g - a potion of invisibility
 k - a potion of heal wounds
 n - a potion of mutation
 q - a potion of flight
 w - a potion of might
 x - a potion of magic {unknown}
 z - a potion of lignification {unknown}
 C - a potion of haste {unknown}
Comestibles
 b - 9 rations


   Skills:
 - Level 5.3 Fighting
 - Level 3.3 Throwing
 - Level 0.9 Stealth
 + Level 6.7 Shields
 - Level 11.3 Unarmed Combat
 - Level 5.1 Evocations


You had 7 spell levels left.
You knew the following spells:

 Your Spells              Type           Power        Failure   Level  Hunger
a - Regeneration          Chrm/Necr      #.........   88%         3    ####...
b - Animate Skeleton      Necr           N/A          52%         1    ##.....

Your spell library contained the following spells:

 Spells                   Type           Power        Failure   Level  Hunger
 Corona                   Hex            #......      52%         1    ##.....
 Pain                     Necr           #...         52%         1    ##.....
 Ensorcelled Hibernation  Hex/Ice        #.....       67%         2    ###....
 Confuse                  Hex            #.......     88%         3    ####...
 Dazzling Spray           Conj/Hex       #.....       88%         3    ####...
 Static Discharge         Conj/Air       #.......     88%         3    ####...
 Tukima's Dance           Hex            #.......     88%         3    ####...
 Vampiric Draining        Necr           #.........   88%         3    ####...
 Animate Dead             Necr           N/A          99%         4    #####..
 Lightning Bolt           Conj/Air       #.........   100%        5    ######.
 Ignition                 Fire           #.........   100%        8    #######
 Shatter                  Erth           #.........   100%        9    #######
 Tornado                  Air            #.........   100%        9    #######


Dungeon Overview and Level Annotations

Branches:
Dungeon (10/15)            Temple (1/1) D:5             Orc (2/2) D:9
    Elf (0/3) Orc:2
   Lair: D:8-11

Altars:
Ashenzari
Cheibriados
Dithmenos
Elyvilon
Fedhas
Gozag
Hepliaklqana
Makhleb
Nemelex Xobeh
Qazlal
Ru
Sif Muna
Trog
Uskayaw
Vehumet
Wu Jian
Xom
Yredelemnul
Zin
The Shining One
Beogh

Shops:
D:4 *   D:9 (   Orc:2 *:[(

Annotations:
D:3 Ijyb
D:6 exclusion: centaur, p0werm0de's ghost, novice BaCK


Innate Abilities, Weirdness & Mutations

You are too large for most types of armour.
You have claws for hands.
You are clumsy. (Dex -2)
Your metabolism is lightning-fast.
You like to eat raw meat.
Your natural rate of healing is unusually fast.
You are covered in fur. (AC +1)
You have extremely tough skin. (AC +3)
You cannot read scrolls while threatened.
You cannot train Dodging skill.
You are somewhat unskilled. (-1 Apt)
You have a pair of small horns on your head.
You can translocate small distances at will.
Your movements are slightly less encumbered by armour. (ER -2)


Message History

Eating one of 4 chunks of flesh.
You eat one of the 4 chunks of flesh.
This raw flesh tastes great.
Eating one of 3 chunks of flesh.
You eat one of the 3 chunks of flesh.
This raw flesh tastes great.
Eating one of 2 chunks of flesh.
You eat one of the 2 chunks of flesh.
This raw flesh tastes great.
Eating a chunk of flesh.
You eat the chunk of flesh.
This raw flesh tastes great.
You can read scrolls again.
Key pressed, stopping explore.
Done exploring.
Done exploring.
(D) Dungeon (T) Temple (O) Orcish Mines (E) Elven Halls
Where to? (Enter - Orc:1 @ (x,y), ? - help)
What level of the Dungeon? (default 9, ? - help)
An orc comes into view. It is wielding a +0 whip.
Welcome back, Lavandula the Troll Monk.
Ru says: Cut away your false body!
Press ? for a list of commands and other information.
Are you sure you want to abandon this character and quit the game? (Confirm with "yes".)

..#### ##.######.#...#.####....##
...#.####..#.##.....#...#........
......##......##....##.#.......#.
...#.####....##..................
P##....##............#..#.....##.
..................[..#...#...####
.P.#.#.##........).)..........##
.....##.#.....[.[..............##
................@(<...o..<....###
...P....#........)[[.........##.#
..[............[............##...
..P.#.............[..............
...####........#.................
...#.#................)..........
.....................).[...#.....
.........#..........[[.[.........
.#..##..........................)


You could see an orc (wandering).

Vanquished Creatures
  An orc warlord (Orc:1)
  The ghost of coffeespoons the Severer, a journeyman MiBe of Trog (Orc:1)
  A two-headed ogre (Orc:2)
  5 orc high priests
  An unseen horror (D:8)
  5 orc knights
  Psyche (D:9)
  3 trolls
  4 hippogriffs
  A yak (D:5)
  A wyvern (D:9)
  6 wargs
  A hungry ghost (D:9)
  Menkaure (D:5)
  38 orc warriors
  An eye of draining (D:4)
  A black bear (D:9)
  An ice beast (D:6)
  9 ogres
  4 phantoms
  4 centaurs
  2 big kobolds
  A gnoll sergeant (D:5)
  6 bullfrogs
  A troll zombie (D:9)
  2 scorpions (D:4)
  4 killer bees (D:7)
  A howler monkey (D:6)
  6 crimson imps
  A centaur zombie (D:8)
  A quasit (D:6)
  2 jellies
  3 hounds
  Crazy Yiuf (D:5)
  4 bullfrog skeletons
  11 orc priests
  14 orc wizards
  Natasha (thrice) (D:3)
  6 worker ants
  7 ogre zombies (D:9)
  2 hound zombies (D:9)
  2 hound skeletons
  Robin (D:3)
  7 gnolls
  7 adders
  2 shadow imps
  An ooze (D:7)
  3 adder skeletons
  5 worms
  2 dart slugs
  7 leopard geckos
  64 orcs
  3 ball pythons
  11 giant cockroaches
  13 goblins (D:3)
  4 hobgoblins
  6 jackals
  7 kobolds
  2 quokkas
  3 bats (D:3)
  6 frilled lizards
  3 goblin skeletons (D:9)
  2 goblin zombies (D:9)
  A hobgoblin skeleton (D:9)
  2 hobgoblin zombies (D:9)
  2 leopard gecko skeletons (D:8)
  A leopard gecko zombie (D:5)
  3 orc skeletons (D:9)
  14 orc zombies (D:9)
  3 rats
355 creatures vanquished.

Vanquished Creatures (others)
  A two-headed ogre (D:8)
  Prince Ribbit (D:8)
  2 ogres (Orc:2)
  An orc wizard (D:9)
  16 fungi (Orc:2)
21 creatures vanquished.

Grand Total: 376 creatures vanquished

Notes
Turn   | Place    | Note
-------+----------+-------------------------------------------
     0 | D:1      | Lavandula the Troll Monk began the quest for the Orb.
     0 | D:1      | Reached XP level 1. HP: 22/22 MP: 0/0
   115 | D:2      | Reached XP level 2. HP: 27/29 MP: 1/1
   171 | D:3      | Noticed Natasha
   177 | D:3      | Killed Natasha
   177 | D:3      | Reached skill level 4 in Unarmed Combat
   177 | D:3      | Reached XP level 3. HP: 24/36 MP: 2/2
   337 | D:3      | Found a glowing drain.
   368 | Sewer    | Entered a sewer
   426 | Sewer    | Reached XP level 4. HP: 44/44 MP: 3/3
   442 | Sewer    | Reached skill level 5 in Unarmed Combat
   523 | Sewer    | Noticed a bullfrog
   533 | Sewer    | Killed a bullfrog
   533 | Sewer    | Reached XP level 5. HP: 46/50 MP: 4/4
   570 | Sewer    | Reached skill level 6 in Unarmed Combat
   686 | D:3      | Noticed Ijyb
   757 | D:3      | Noticed Natasha
   761 | D:3      | Killed Natasha
   904 | D:3      | Noticed Natasha
   907 | D:3      | Killed Natasha
   907 | D:3      | Reached XP level 6. HP: 59/59 MP: 5/5
  1034 | D:3      | Noticed Robin
  1060 | D:3      | Reached skill level 7 in Unarmed Combat
  1063 | D:3      | Killed Robin
  1137 | D:5      | Entered Level 5 of the Dungeon
  1145 | D:4      | Found a hide-covered altar of Uskayaw.
  1186 | D:4      | Found a blossoming altar of Fedhas.
  1331 | D:4      | Reached skill level 8 in Unarmed Combat
  1394 | D:4      | Reached XP level 7. HP: 29/66 MP: 6/6
  1621 | D:4      | Found Micyxtih's General Store.
  1648 | D:4      | Bought a scroll of identify for 20 gold pieces
  1648 | D:4      | Bought a potion of curing for 30 gold pieces
  1648 | D:4      | Bought a potion of flight for 30 gold pieces
  1737 | D:4      | Reached skill level 9 in Unarmed Combat
  2052 | D:5      | Gained mutation: You have a pair of small horns on your
                  | head. [potion of mutation]
  2052 | D:5      | Gained mutation: You are agile. (Dex +2) [potion of
                  | mutation]
  2052 | D:5      | Gained mutation: You can translocate small distances at
                  | will. [potion of mutation]
  2052 | D:5      | Gained mutation: Your movements are slightly less
                  | encumbered by armour. (ER -2) [potion of mutation]
  2227 | D:5      | Noticed a yak
  2247 | D:5      | Reached XP level 8. HP: 74/74 MP: 7/7
  2256 | D:5      | Reached skill level 10 in Unarmed Combat
  2347 | D:5      | Found a staircase to the Ecumenical Temple.
  2378 | D:5      | Noticed Menkaure
  2395 | D:5      | Killed Menkaure
  2411 | Temple   | Entered the Ecumenical Temple
  2583 | Temple   | Became a worshipper of Ru the Awakened
  2593 | Temple   | Gained mutation: You cannot read scrolls while threatened.
                  | [Ru sacrifice]
  2593 | Temple   | Reached * piety under Ru
  2817 | D:5      | Reached skill level 11 in Unarmed Combat
  2921 | D:5      | Found a runed translucent door.
  2922 | D:5      | Noticed Crazy Yiuf
  2929 | D:5      | Killed Crazy Yiuf
  3257 | D:6      | Found a runed translucent gate.
  3257 | D:6      | Found a runed translucent gate.
  3257 | D:6      | Found a runed translucent gate.
  3259 | D:6      | Noticed p0werm0de's ghost (novice BaCK)
  3464 | D:6      | Reached XP level 9. HP: 79/80 MP: 8/8
  3622 | D:6      | Reached skill level 5 in Dodging
  3724 | D:7      | Learned a level 3 spell: Regeneration
  3726 | D:7      | Learned a level 1 spell: Animate Skeleton
  3751 | D:7      | Gained mutation: You are somewhat unskilled. (-1 Apt) [Ru
                  | sacrifice]
  3751 | D:7      | Reduced skill Unarmed Combat to level 10
  3751 | D:7      | Reached ** piety under Ru
  3751 | D:7      | Reached *** piety under Ru
  3814 | D:7      | Reached skill level 5 in Dodging
  4221 | D:7      | Found a sparkling altar of Nemelex Xobeh.
  4411 | D:8      | Noticed an unseen horror
  4418 | D:8      | Killed an unseen horror
  4537 | D:8      | Noticed a two-headed ogre
  4560 | D:8      | Killed a two-headed ogre
  4560 | D:8      | Reached XP level 10. HP: 85/91 MP: 9/9
  4639 | D:8      | Noticed Prince Ribbit
  4645 | D:8      | Killed Prince Ribbit
  4887 | D:9      | Noticed Psyche
  4891 | D:9      | Killed Psyche
  4914 | D:9      | Found a shimmering altar of Xom.
  4935 | D:9      | Found a staircase to the Orcish Mines.
  4958 | D:9      | Reached skill level 5 in Fighting
  5027 | D:9      | Lost mutation: You are agile. (Dex +2) [Ru sacrifice]
  5027 | D:9      | Gained mutation: You are clumsy. (Dex -2) [Ru sacrifice]
  5027 | D:9      | Reached **** piety under Ru
  5110 | D:10     | Entered Level 10 of the Dungeon
  5294 | D:9      | Found Xukke's Weapon Emporium.
  5367 | D:9      | Found a shadowy altar of Dithmenos.
  5442 | Orc:1    | Entered Level 1 of the Orcish Mines
  5451 | Orc:1    | Reached skill level 1 in Throwing
  5697 | Orc:1    | Found a runed translucent door.
  5708 | Orc:1    | Noticed an orc high priest
  5775 | Orc:1    | Killed an orc high priest
  5775 | Orc:1    | Reached skill level 1 in Evocations
  5775 | Orc:1    | Reached XP level 11. HP: 81/104 MP: 11/11
  5993 | Orc:1    | Noticed coffeespoons's ghost (journeyman MiBe)
  6004 | Orc:1    | Killed coffeespoons's ghost
  6093 | Orc:2    | Entered Level 2 of the Orcish Mines
  6099 | Orc:2    | Noticed a two-headed ogre
  6117 | Orc:2    | Killed a two-headed ogre
  6130 | Orc:2    | Noticed an orc knight
  6131 | Orc:2    | Noticed an orc knight
  6153 | D:9      | Found a stormy altar of Qazlal.
  6308 | Orc:2    | Noticed an orc knight
  6373 | D:9      | Killed an orc knight
  6461 | Orc:1    | Killed an orc knight
  6461 | Orc:1    | Reached skill level 5 in Evocations
  6493 | Orc:2    | Noticed an orc warlord
  6493 | Orc:2    | Noticed an orc knight
  6530 | Orc:2    | Noticed an orc high priest
  6578 | Orc:1    | Killed an orc warlord
  6578 | Orc:1    | Reached skill level 11 in Unarmed Combat
  6686 | Orc:1    | Killed an orc high priest
  6686 | Orc:1    | Reached skill level 1 in Shields
  6718 | Orc:1    | Killed an orc knight
  6732 | Orc:1    | Gained mutation: You cannot train Dodging skill. [Ru
                  | sacrifice]
  6732 | Orc:1    | Reached ***** piety under Ru
  6818 | Orc:2    | Found Pusiz's Book Shoppe.
  6895 | Orc:2    | Noticed an orc high priest
  6922 | Orc:2    | Noticed a soul eater
  6956 | Orc:2    | Noticed a soul eater
  6956 | Orc:2    | Noticed a sixfirhy
  6958 | Orc:2    | Noticed a soul eater
  7025 | Orc:2    | Noticed an orc high priest
  7104 | Orc:2    | Killed an orc high priest
  7108 | Orc:2    | Reached XP level 12. HP: 44/111 MP: 11/14
  7131 | Orc:2    | Killed an orc high priest
  7131 | Orc:2    | Reached skill level 5 in Shields
  7228 | Orc:2    | Noticed an orc high priest
  7384 | Orc:2    | Killed an orc high priest
  7472 | Orc:2    | Found a staircase to the Elven Halls.
  7478 | Orc:2    | Found a roughly hewn altar of Beogh.
  7546 | Orc:2    | Found a roughly hewn altar of Beogh.
  7570 | Orc:2    | Found Ofituif's Antique Weapon Shoppe.
  7650 | Orc:2    | Found Xiorot's Antique Armour Boutique.
  7679 | Orc:2    | Bought an embroidered hat for 154 gold pieces
  7684 | Orc:2    | Bought a runed robe for 81 gold pieces
  7730 | Orc:2    | Found Onuuloil's General Store.
  7739 | Orc:2    | Bought a potion of heal wounds for 65 gold pieces
  7739 | Orc:2    | Bought a scroll of fog for 26 gold pieces
  7739 | Orc:2    | Bought a scroll of identify for 26 gold pieces
  7739 | Orc:2    | Bought 2 javelins of penetration for 62 gold pieces
  7936 | Orc:2    | Quit the game

Skill      XL: |  1  2  3  4  5  6  7  8  9 10 11 12 |
---------------+-------------------------------------+-----
Unarmed Combat | 4 5 6 8 9 11 10 11 | 11.3
Dodging        | 4 7 0 |  0.0
Stealth        | 0 |  0.9
Fighting       | 3 5 |  5.3
Throwing       | 3 |  3.3
Evocations     | 1 5 |  5.1
Shields        | 4 6 |  6.7

Action                   |  1- 3 |  4- 6 |  7- 9 | 10-12 || total
-------------------------+-------+-------+-------+-------++-------
Melee: Unarmed           |    48 |   133 |   288 |   549 ||  1018
       Punch             |       |     2 |     8 |    22 ||    32
       Headbutt          |       |       |    35 |    97 ||   132
Invok: Sacrifice Words   |       |       |     1 |       ||     1
       Draw Out Power    |       |       |     2 |    17 ||    19
       Sacrifice Skill   |       |       |     1 |       ||     1
       Sacrifice Purity  |       |       |       |     1 ||     1
       Sacrifice Nimblen |       |       |       |     1 ||     1
 Abil: Evoke Berserk Rag |       |       |       |    12 ||    12
Evoke: Wand              |       |       |       |     6 ||     6
  Use: Scroll            |     2 |       |     9 |     1 ||    12
       Potion            |       |       |     1 |     4 ||     5
 Stab: Sleeping          |     1 |     1 |     3 |       ||     5
       Invisible         |       |       |     1 |     2 ||     3
       Paralysed         |       |       |       |    12 ||    12
  Eat: Chunk             |    10 |     7 |    27 |    45 ||    89
       Ration            |       |       |     1 |       ||     1
Armor: Robe              |    14 |    50 |    74 |    86 ||   224
Dodge: Dodged            |    15 |    41 |   129 |   250 ||   435
Block: Shield            |       |       |       |    28 ||    28
